[Event "10th LCC FIDE Open 2018"]
[Site "London"]
[Date "2018.12.12"]
[Round "4"]
[White "Haribalu, V.."]
[Black "Cramling Bellon, Anna"]
[Result "1-0"]
[ECO "B21"]
[WhiteElo "2208"]
[BlackElo "1927"]
[Annotator "NA"]
[PlyCount "71"]
[EventDate "2018.12.09"]
[EventType "swiss"]
[EventCountry "ENG"]
[SourceTitle "playchess.com"]
[Source "ChessBase"]
[SourceQuality "1"]
[TimeControl "40/5400+30:1800+30"]

1. e4 c5 2. d4 cxd4 3. c3 dxc3 4. Nxc3 Nc6 5. Nf3 e6 6. Bc4 Qc7 7. O-O Nf6 8. Nb5 Qb8 9. e5 Nxe5 {[%emt 0:28:54] LiveBook: 7 Games} (9... Ng4 $11) 10. Nxe5 {[%emt 0:06:37] B21: Sicilian: 2 f4 and Morra Gambit} Qxe5 11. Re1 Qb8 (11... Qc5 $16 12. Bf1 Nd5) 12. Qd4 b6 $146 (12... Nh5 {was called for.}) ({Predecessor:} 12... d6 13. Bf4 Bd7 14. Rac1 a6 15. Nxd6+ Bxd6 16. Bxd6 Qd8 17. f4 b5 {1-0 (26) Poulheim,K (2388)-Van Gysel,M (2354) ICCF email 2004}) 13. Bf4 Bc5 14. Qd2 Qb7 15. Nc7+ Kf8 16. b4 ({Don't take} 16. Nxa8 $6 Qxa8 17. Bd6+ Bxd6 $16) 16... Be7 17. Ba6 Qxa6 18. Nxa6 Bxa6 19. Bd6 Bb7 20. Rac1 Nd5 21. Bxe7+ Kxe7 22. Qg5+ Nf6 23. f3 Rac8 (23... h6 {was necessary.} 24. Qg3 Bc6) 24. Kf2 Bd5 25. a3 h6 26. Rxc8 Rxc8 27. Qxg7 h5 28. Qg5 Rc3 29. Re3 Rc2+ 30. Re2 Rc3 31. Rd2 Bc4 32. Rd4 Rc2+ $18 33. Kg3 Bf1 34. Rd2 Rc3 35. a4 Rc4 36. Kf2 1-0

[Event "10th LCC FIDE Open 2018"]
[Site "London"]
[Date "2018.12.12"]
[Round "4"]
[White "Quinn, John M"]
[Black "Elsness, Frode"]
[Result "0-1"]
[ECO "E35"]
[WhiteElo "2160"]
[BlackElo "2447"]
[Annotator "NA"]
[PlyCount "64"]
[EventDate "2018.12.09"]
[EventType "swiss"]
[EventCountry "ENG"]
[SourceTitle "playchess.com"]
[Source "ChessBase"]
[SourceQuality "1"]
[TimeControl "40/5400+30:1800+30"]

1. d4 Nf6 2. c4 e6 3. Nc3 Bb4 4. Qc2 d5 5. cxd5 exd5 6. Bg5 h6 7. Bxf6 Qxf6 8. a3 Bxc3+ 9. Qxc3 c6 10. e3 O-O 11. Nf3 Bf5 12. Be2 Nd7 13. b4 {[%emt 0:04:43] E35: Nimzo-Indian: Classical: 4...d5 5 cxd5 exd5} (13. O-O Bg4 14. Qb4 Bxf3 15. Bxf3 Rfb8 16. Bg4 a5 17. Qb3 Qd6 18. Bxd7 Qxd7 19. Rac1 a4 20. Qb4 Qd8 21. Rc5 Ra6 22. Rfc1 Qb6 23. Qd2 Qd8 24. Qb4 Qb6 25. Qd2 Qd8 26. Qb4 {½-½ (26) Bu,X (2695)-Ni,H (2703) Danzhou 2015}) 13... Rfe8 14. O-O {[%emt 0:01:45] LiveBook: 11 Games} g5 15. Rfc1 Rac8 16. a4 $146 ({Predecessor:} 16. Ne1 g4 17. Nd3 Bxd3 18. Bxd3 h5 19. Qc2 Nf8 20. Ra2 Ne6 21. Qb3 Ng5 22. a4 h4 23. Qd1 Qe6 24. Qc2 Ne4 {1-0 (24) Walther,E-Brady,L ICCF corr 1983}) 16... g4 17. Nd2 h5 18. Bd3 h4 19. Bxf5 Qxf5 20. Qc2 Qf6 21. Ra3 Re6 22. e4 (22. b5 $11) 22... Qxd4 23. Rd3 Qf6 24. Rxd5 (24. exd5 $11 Re2 25. Rf1) 24... Ne5 25. Nf1 Rce8 26. Rc5 h3 27. Ng3 hxg2 28. Nf5 $2 (28. Kxg2 {is tougher.} Qh8 {[#]} 29. h4 $1 ) 28... Nf3+ 29. Kxg2 Rxe4 30. Qc3 R8e5 31. Rxe5 $19 Rxe5 32. Nd4 Rd5 0-1

[Event "10th LCC FIDE Open 2018"]
[Site "London"]
[Date "2018.12.12"]
[Round "4"]
[White "Stone, Andrew M"]
[Black "Milliet, Sophie"]
[Result "0-1"]
[ECO "E14"]
[WhiteElo "2157"]
[BlackElo "2376"]
[Annotator "ChessBase"]
[PlyCount "88"]
[EventDate "2018.12.09"]
[EventType "swiss"]
[EventCountry "ENG"]
[SourceTitle "playchess.com"]
[Source "ChessBase"]
[SourceQuality "1"]
[TimeControl "40/5400+30:1800+30"]

1. Nf3 Nf6 2. c4 b6 3. e3 Bb7 4. d4 e6 5. Bd3 d5 6. b3 Nbd7 7. O-O Bd6 8. Bb2 Ne4 9. Nbd2 O-O 10. Qe2 Qf6 11. cxd5 exd5 12. Ba6 Bxa6 13. Qxa6 Qh6 14. Nxe4 dxe4 15. Ne5 f6 16. Ng4 Qg5 17. h3 h5 18. Nh2 Qd5 19. Qc4 Qxc4 20. bxc4 f5 21. f4 exf3 22. Nxf3 Bg3 23. Bc3 g6 24. Be1 Bd6 25. Bh4 Rae8 26. Bg5 Nf6 27. Rfe1 Ne4 28. Bf4 Rf7 29. Bxd6 cxd6 30. d5 Rc7 31. Rac1 Rec8 32. Nd4 Rxc4 33. Nc6 Rxc1 34. Rxc1 Kg7 35. Rc4 Nf6 36. Rd4 Nxd5 37. Nxa7 Rc1+ 38. Kf2 Nc3 39. a4 Ne4+ 40. Ke2 Rc2+ 41. Kf1 Rc1+ 42. Ke2 Rg1 43. Nc8 Rxg2+ 44. Kf1 Rc2 0-1

[Event "10th LCC FIDE Open 2018"]
[Site "London"]
[Date "2018.12.12"]
[Round "4"]
[White "Woong, Zhi Wei William"]
[Black "Bates, Richard A"]
[Result "1/2-1/2"]
[ECO "B22"]
[WhiteElo "2146"]
[BlackElo "2372"]
[Annotator "RC"]
[PlyCount "40"]
[EventDate "2018.12.09"]
[EventType "swiss"]
[EventCountry "ENG"]
[SourceTitle "playchess.com"]
[Source "ChessBase"]
[SourceQuality "1"]
[TimeControl "40/5400+30:1800+30"]

1. e4 c5 2. Nf3 e6 3. c3 Nf6 4. e5 Nd5 5. d4 cxd4 6. cxd4 d6 7. Nc3 Nxc3 8. bxc3 Qc7 9. Bd2 Nd7 10. Ng5 dxe5 11. Qh5 Nb8 12. Nxh7 exd4 13. cxd4 Nc6 14. Nf6+ gxf6 15. Qxh8 Nxd4 16. Rc1 Qe5+ 17. Be3 Qa5+ 18. Bd2 Qe5+ 19. Be3 Qa5+ 20. Bd2 Qe5+ 1/2-1/2

[Event "10th LCC FIDE Open 2018"]
[Site "London"]
[Date "2018.12.12"]
[Round "4"]
[White "Willmoth, Robert F"]
[Black "Lane, Gary W"]
[Result "0-1"]
[ECO "A80"]
[WhiteElo "2144"]
[BlackElo "2353"]
[Annotator "NA"]
[PlyCount "64"]
[EventDate "2018.12.09"]
[EventType "swiss"]
[EventCountry "ENG"]
[SourceTitle "playchess.com"]
[Source "ChessBase"]
[SourceQuality "1"]
[TimeControl "40/5400+30:1800+30"]

1. d4 f5 2. Bf4 Nf6 3. Nf3 d6 4. h3 g6 {[%emt 0:00:35] A80: Dutch Defence: Unusual White second moves} 5. e3 Bg7 6. Bc4 (6. Be2 O-O 7. O-O e6 8. Bh2 Nc6 9. Nbd2 Qe7 10. c3 b6 11. b4 a5 12. Qb3 Bb7 {½-½ (42) Aronian,L (2826)-Caruana,F (2781) Zuerich 2014}) 6... e6 7. Nbd2 Qe7 8. Qe2 (8. O-O $14) 8... Nc6 9. Bb5 $146 ({Predecessor:} 9. Bh2 O-O 10. O-O h6 11. c3 {0-1 (37) Bayramov,V (2254)-Shimanov,A (2624) Baku 2014}) 9... O-O 10. Bh2 Bd7 11. O-O a6 12. Ba4 Nxd4 13. Nxd4 Bxa4 14. Qc4 Bd7 15. Qxc7 e5 16. N4b3 b5 17. Rac1 {[%emt 0:04:12] [#]} Qe6 (17... a5 $1 $19 18. Qc3 (18. Nxa5 Rfc8) 18... b4) 18. Qa5 Rfc8 19. Rfd1 g5 20. Nf1 Bc6 21. Qd2 Bf8 22. a3 f4 23. Na5 Be8 24. exf4 gxf4 25. Qe2 Qf5 26. Re1 Ra7 27. Kh1 Rg7 28. c3 Bf7 29. Nd2 Re8 30. f3 d5 31. a4 (31. b4 $142) 31... Qg5 32. axb5 $17 axb5 0-1

[Event "10th LCC FIDE Open 2018"]
[Site "London"]
[Date "2018.12.12"]
[Round "4"]
[White "Tozer, Philip Aa"]
[Black "Wadsworth, Matthew J"]
[Result "0-1"]
[ECO "A11"]
[WhiteElo "2137"]
[BlackElo "2364"]
[Annotator "NA"]
[PlyCount "82"]
[EventDate "2018.12.09"]
[EventType "swiss"]
[EventCountry "ENG"]
[SourceTitle "playchess.com"]
[Source "ChessBase"]
[SourceQuality "1"]
[TimeControl "40/5400+30:1800+30"]

1. c4 Nf6 2. g3 c6 3. Nf3 d5 4. Bg2 dxc4 5. a4 a5 {[%emt 0:01:29] A11: English Opening: 1...c6} (5... Be6 6. Na3 Bd5 7. Qc2 e5 8. Nxc4 e4 9. Nh4 Na6 10. b3 Bc5 11. Bb2 O-O 12. Nf5 Re8 13. O-O {1-0 (70) Vallejo Pons,F (2711)-Short,N (2646) Madrid 2016}) 6. Na3 Qd5 7. O-O Be6 8. Ne1 $146 ({Predecessor:} 8. h4 Na6 9. Ng5 Qd7 10. Qc2 Nb4 11. Qc3 Nfd5 12. Qd4 h6 13. Nxe6 Qxe6 14. Qxc4 {½-½ (34) Batyte,D (2154)-Hapala,E (2063) Vienna 2014}) 8... Qh5 9. d3 Na6 10. Bd2 Nc5 11. Nxc4 Bxc4 12. dxc4 O-O-O {[%emt 0:04:21] [#]} 13. Nd3 $1 Nce4 14. Bf3 Qf5 {[%emt 0:02:56] [#]} 15. b4 (15. Be3 $142 $1) 15... Nxd2 16. Qxd2 e5 $1 17. Qc2 e4 18. Nc5 Bxc5 ({Don't do} 18... axb4 19. Nxe4 Kb8 20. Qb1 $15) 19. bxc5 Rhe8 20. Rfd1 Qxc5 21. Rxd8+ Kxd8 22. Bg2 e3 23. f3 Kc7 24. Rd1 Rd8 25. Rxd8 Kxd8 26. Qd3+ Kc7 27. Bh3 h5 28. Kg2 Qe5 29. Bf5 g6 30. Bh3 h4 31. Bg4 {[%emt 0:03:28] [#]} hxg3 $1 32. hxg3 Nxg4 33. fxg4 g5 34. Kf3 f6 35. Qh7+ Kb6 36. Qb1+ Ka6 37. Qd3 b5 38. cxb5+ cxb5 39. axb5+ Qxb5 40. Qxe3 Qc6+ 41. Kf2 {[%emt 0:02:01] [#]} Qb6 0-1

[Event "10th LCC FIDE Open 2018"]
[Site "London"]
[Date "2018.12.12"]
[Round "4"]
[White "Bhawoodien, Mohamed Ozayr"]
[Black "Ronka, Erik"]
[Result "0-1"]
[ECO "A01"]
[WhiteElo "2123"]
[BlackElo "2281"]
[Annotator "NA"]
[PlyCount "82"]
[EventDate "2018.12.09"]
[EventType "swiss"]
[EventCountry "ENG"]
[SourceTitle "playchess.com"]
[Source "ChessBase"]
[SourceQuality "1"]
[TimeControl "40/5400+30:1800+30"]

1. b3 e5 2. Bb2 Nc6 3. e3 Nf6 4. Bb5 Bd6 5. Na3 e4 {[%emt 0:00:22] A01: Nimzowitsch-Larsen Opening} 6. Nc4 Be7 7. Bxc6 bxc6 {[%emt 0:01:40] LiveBook: 18 Games} 8. f3 (8. Ne2 a5 9. O-O a4 10. d3 exd3 11. cxd3 axb3 12. axb3 Rxa1 13. Qxa1 {1-0 (27) Karjakin,S (2782)-Giri,A (2782) Leuven 2018}) 8... d5 $146 ({Predecessor:} 8... O-O 9. Ne2 d5 10. Ne5 Qe8 11. O-O Bd6 12. f4 c5 13. Ng3 {0-1 (40) Incecik,S (1698)-Ozbek,B (1822) Antalya 2018}) 9. Ne5 Bb7 10. fxe4 dxe4 (10... Nxe4 $11 11. Ne2 Bf6) 11. Nh3 O-O 12. O-O c5 13. Nf4 a5 14. a4 Nd5 15. Nh5 f5 16. Nxg7 Bc8 17. Nc6 Qd6 18. Nxe7+ Nxe7 19. Nh5 Ba6 20. Rf2 c4 21. g4 f4 22. exf4 ({But not} 22. Rxf4 Rxf4 23. exf4 (23. Nxf4 Ng6 $16) 23... Qb6+ 24. Kg2 Nd5) ({Weaker is} 22. Nxf4 Nd5 $16) 22... Ng6 23. f5 (23. Qe1 $142) 23... Nh4 24. g5 Nf3+ 25. Rxf3 exf3 26. Qxf3 Qb6+ 27. Kf1 c3+ $1 {[%emt 0:00:32] Discovered Attack (Double check)} 28. d3 $19 Bb7 29. Qf4 Qc6 30. Bxc3 Qxc3 31. Re1 Qc6 32. Re7 Rf7 33. Qe5 Qf3+ 34. Ke1 Rxe7 35. Nf6+ Kf7 36. g6+ hxg6 37. fxg6+ Kxg6 38. Qxe7 Qxf6 39. Qxc7 Re8+ 40. Kd2 Qg5+ 41. Kc3 Rc8 0-1

[Event "10th LCC FIDE Open 2018"]
[Site "London"]
[Date "2018.12.12"]
[Round "4"]
[White "Sperling, Lennart"]
[Black "Dauletova, Gulmira"]
[Result "1-0"]
[ECO "E08"]
[WhiteElo "2116"]
[BlackElo "2261"]
[Annotator "RC"]
[PlyCount "141"]
[EventDate "2018.12.09"]
[EventType "swiss"]
[EventCountry "ENG"]
[SourceTitle "playchess.com"]
[Source "ChessBase"]
[SourceQuality "1"]
[TimeControl "40/5400+30:1800+30"]

1. d4 Nf6 2. c4 e6 3. g3 d5 4. Bg2 Bb4+ 5. Bd2 Be7 6. Nf3 O-O 7. O-O Nbd7 8. Qc2 Ne4 9. Bf4 c6 10. Nbd2 g5 11. Be3 f5 12. Nxe4 fxe4 13. Nd2 Bf6 14. f3 exf3 15. Nxf3 Nb6 16. b3 Bd7 17. c5 Nc8 18. Qd2 b6 19. Bxg5 Bxg5 20. Nxg5 Rf5 21. Nf3 Ne7 22. Bh3 Rf8 23. Ng5 Nf5 24. e4 Ng7 25. Rxf8+ Qxf8 26. Rf1 Qe8 27. Qf4 bxc5 28. dxc5 Qe7 29. Qh4 h5 30. b4 Rf8 31. Rxf8+ Qxf8 32. exd5 cxd5 33. Qf4 Qxf4 34. gxf4 Kf8 35. Nf3 Ke7 36. Nd4 Ne8 37. b5 Nf6 38. a4 Ne4 39. c6 Bc8 40. a5 Nc5 41. b6 axb6 42. axb6 Kd6 43. b7 Bxb7 44. cxb7 Nxb7 45. Bxe6 Kc5 46. Nf3 Nd6 47. Kf2 d4 48. Ke2 Ne4 49. Ng5 Nc3+ 50. Kd3 Kd6 51. Kxd4 Nb5+ 52. Ke3 Ke7 53. Bf7 h4 54. Bg6 Nd6 55. Bd3 Ne8 56. Nf3 Kf6 57. Nxh4 Nc7 58. Be4 Ne6 59. Nf3 Ng7 60. Ne5 Ne6 61. Ng4+ Kg7 62. h4 Kh8 63. f5 Nc5 64. Bd5 Kg7 65. Kf4 Nd7 66. Kg5 Nf8 67. f6+ Kh8 68. Ne5 Kh7 69. Be4+ Kg8 70. Bf5 Kh8 71. Ng6+ 1-0

[Event "10th LCC FIDE Open 2018"]
[Site "London"]
[Date "2018.12.12"]
[Round "4"]
[White "Johnson, Daniel"]
[Black "Richardson, John R"]
[Result "1/2-1/2"]
[ECO "E39"]
[WhiteElo "2111"]
[BlackElo "2242"]
[Annotator "NA"]
[PlyCount "61"]
[EventDate "2018.12.09"]
[EventType "swiss"]
[EventCountry "ENG"]
[SourceTitle "playchess.com"]
[Source "ChessBase"]
[SourceQuality "1"]
[TimeControl "40/5400+30:1800+30"]

1. d4 Nf6 2. c4 e6 3. Nc3 Bb4 4. Qc2 O-O 5. Nf3 c5 6. dxc5 Na6 7. g3 Nxc5 8. Bg2 Nce4 9. Bd2 Nxd2 10. Nxd2 a6 11. O-O {[%emt 0:01:18] E39: Nimzo-Indian: Classical: 4...c5 5 dxc5 0-0} Rb8 (11... Be7 12. Rfd1 Qc7 13. Rac1 Rb8 14. Qd3 Rd8 15. Nde4 Ng4 16. Qd4 d6 17. Qa7 Bd7 18. Nb5 Qa5 19. Nexd6 {1-0 (29) Li,S (2520)-Ni,H (2646) Xinghua Jiangsu 2011}) 12. e4 Qc7 13. a3 Be7 14. Qd3 $146 ({Predecessor:} 14. b4 d6 15. Qd3 b6 16. Rac1 Bb7 17. f4 Rbc8 18. Ne2 Rfe8 {½-½ (56) Malmstroem,J-Oliveros,T UECC Email 2000}) 14... b6 15. Rac1 Bb7 16. h3 d6 17. Kh2 b5 18. cxb5 axb5 19. Nd5 Qd8 20. Nxe7+ Qxe7 21. Rfe1 h5 22. Nb3 h4 23. Na5 hxg3+ 24. fxg3 Nd7 (24... Ba8 $11 {keeps the balance.}) 25. Rcd1 Ne5 26. Qxd6 Qg5 27. Qd2 Qh5 28. Qe2 Qg5 $11 29. Qd2 Qh5 30. Qe2 Qg5 31. Qd2 1/2-1/2

[Event "10th LCC FIDE Open 2018"]
[Site "London"]
[Date "2018.12.12"]
[Round "4"]
[White "Dahl, Baard"]
[Black "Signorelli, Gaetano"]
[Result "0-1"]
[ECO "B01"]
[WhiteElo "2097"]
[BlackElo "2222"]
[Annotator "ChessBase"]
[PlyCount "56"]
[EventDate "2018.12.09"]
[EventType "swiss"]
[EventCountry "ENG"]
[SourceTitle "playchess.com"]
[Source "ChessBase"]
[SourceQuality "1"]
[TimeControl "40/5400+30:1800+30"]

1. e4 d5 2. exd5 Nf6 3. c4 e6 4. dxe6 Bxe6 5. Be2 Nc6 6. Nf3 Bc5 7. O-O O-O 8. Nc3 Bf5 9. Na4 Bd4 10. d3 Re8 11. Re1 Ng4 12. Nxd4 Qxd4 13. Bxg4 Bxg4 14. Qd2 Rxe1+ 15. Qxe1 Qxd3 16. h3 Bxh3 17. gxh3 Nd4 18. Qe3 Qg6+ 19. Kf1 Nc2 20. Qe2 Nxa1 21. Nc3 Qc2 22. Qe3 Rd8 23. b3 Qd3+ 24. Qxd3 Rxd3 25. Bb2 Nc2 26. Nd5 c6 27. Nf4 Rd7 28. Nh5 Nd4 0-1

[Event "10th LCC FIDE Open 2018"]
[Site "London"]
[Date "2018.12.12"]
[Round "4"]
[White "Gerlach, Felix Tobias"]
[Black "Britton, Richard L"]
[Result "1/2-1/2"]
[ECO "A36"]
[WhiteElo "2050"]
[BlackElo "2186"]
[Annotator "RC"]
[PlyCount "83"]
[EventDate "2018.12.09"]
[EventType "swiss"]
[EventCountry "ENG"]
[SourceTitle "playchess.com"]
[Source "ChessBase"]
[SourceQuality "1"]
[TimeControl "40/5400+30:1800+30"]

1. c4 Nf6 2. g3 g6 3. Bg2 Bg7 4. Nc3 O-O 5. e4 c5 6. Nge2 Nc6 7. O-O d6 8. d3 a6 9. h3 Ne8 10. Be3 e5 11. f4 exf4 12. Nxf4 Nc7 13. a4 Rb8 14. Nfd5 Nxd5 15. cxd5 Nd4 16. Rb1 a5 17. Qd2 b5 18. Nxb5 Nxb5 19. axb5 Rxb5 20. d4 cxd4 21. Bxd4 Bxd4+ 22. Qxd4 Rb4 23. Qa7 Rb3 24. g4 Bd7 25. Rf2 Bb5 26. Rc1 Qg5 27. Rc7 Qe3 28. Qxe3 Rc3 29. Qd3 Rxd3 30. Rf4 Re3 31. Rf6 Bd3 32. Rxd6 Re1+ 33. Kh2 Re2 34. Kg3 Bxe4 35. Bxe4 Rxe4 36. Ra6 Rb8 37. Rxa5 Rb3+ 38. Rc3 Rxb2 39. Ra7 Rd2 40. Rf3 f5 41. gxf5 Rxd5 42. fxg6 1/2-1/2

[Event "10th LCC FIDE Open 2018"]
[Site "London"]
[Date "2018.12.12"]
[Round "4"]
[White "Mihailidou, Magdalini"]
[Black "Stoyanov, Viktor"]
[Result "0-1"]
[ECO "B95"]
[WhiteElo "1754"]
[BlackElo "2205"]
[Annotator "NA"]
[PlyCount "78"]
[EventDate "2018.12.09"]
[EventType "swiss"]
[EventCountry "ENG"]
[SourceTitle "playchess.com"]
[Source "ChessBase"]
[SourceQuality "1"]
[TimeControl "40/5400+30:1800+30"]

1. e4 c5 2. Nf3 d6 3. d4 cxd4 4. Nxd4 Nf6 5. Nc3 a6 6. Qd3 Nbd7 7. Bg5 e6 8. Be2 {[%emt 0:00:37] B95: Sicilian Najdorf: 6 Bg5 e6, unusual White 7th moves} (8. O-O-O Be7 9. f4 Qc7 10. Be2 b5 11. Bf3 b4 12. e5 dxe5 13. Bxa8 exd4 14. Ne2 h6 15. Bh4 O-O 16. Kb1 e5 17. Qf3 exf4 18. Nxf4 {½-½ (40) Harikrishna,P (2726)-Vachier Lagrave,M (2766) Biel 2014}) 8... b5 9. a3 Bb7 10. f4 Be7 11. Bf3 Qc7 12. O-O-O O-O 13. g4 Rfc8 $146 ({Predecessor:} 13... Rab8 14. Bh4 Ba8 15. g5 Nc5 {1-0 (40) Sax,G (2492)-Antal,T (2286) Kecskemet 2011}) 14. h4 Rab8 15. Rh3 Ba8 16. Bxf6 Bxf6 17. g5 Be7 18. h5 Nc5 19. Qe2 b4 20. axb4 Rxb4 21. g6 Bf6 22. gxh7+ Kh8 23. e5 dxe5 24. fxe5 Bg5+ 25. Kb1 Rcb8 26. Nb3 Nxb3 27. cxb3 Rxb3 28. Bxa8 Rxb2+ 29. Qxb2 Rxb2+ 30. Kxb2 Qb8+ 31. Ka1 Qxa8 32. Rd7 $19 (32. Rhd3 {might work better.}) 32... Qg2 33. Rdd3 Bc1 34. Nd1 Bf4 35. Kb1 Bxe5 36. h6 g5 37. Rhf3 Bf4 38. Nc3 Kxh7 39. Ne4 Kxh6 0-1

[Event "10th LCC FIDE Open 2018"]
[Site "London"]
[Date "2018.12.13"]
[Round "5"]
[White "Sowray, Peter J"]
[Black "Gant, Chris J"]
[Result "1-0"]
[ECO "A57"]
[WhiteElo "2342"]
[BlackElo "2135"]
[Annotator "NA"]
[PlyCount "55"]
[EventDate "2018.12.09"]
[EventType "swiss"]
[EventCountry "ENG"]
[SourceTitle "playchess.com"]
[Source "ChessBase"]
[SourceQuality "1"]
[TimeControl "40/5400+30:1800+30"]

1. d4 Nf6 2. c4 c5 3. d5 b5 4. cxb5 a6 5. f3 d6 6. e4 g6 7. Nc3 Bg7 8. a4 O-O 9. Be3 Nbd7 10. Nh3 Qa5 11. Ra3 Bb7 12. Nf2 Rfe8 13. Qd2 e6 14. dxe6 Rxe6 15. Bc4 d5 16. Nxd5 Qxd2+ 17. Kxd2 Nxd5 18. exd5 Rxe3 19. Rxe3 Bh6 20. Ng4 Bxe3+ 21. Nxe3 Nb6 22. b3 axb5 23. Bxb5 Rd8 24. Kc3 Nxd5+ 25. Nxd5 Rxd5 26. Re1 Kg7 27. Re7 Bc8 28. Bc4 1-0

[Event "10th LCC FIDE Open 2018"]
[Site "London"]
[Date "2018.12.13"]
[Round "5"]
[White "Pollack, Oscar"]
[Black "Mirzoyan, Davit T."]
[Result "0-1"]
[ECO "C82"]
[WhiteElo "2150"]
[BlackElo "2382"]
[Annotator "NA"]
[PlyCount "70"]
[EventDate "2018.12.09"]
[EventType "swiss"]
[EventCountry "ENG"]
[SourceTitle "playchess.com"]
[Source "ChessBase"]
[SourceQuality "1"]
[TimeControl "40/5400+30:1800+30"]

1. e4 e5 2. Nf3 Nc6 3. Bb5 a6 4. Ba4 Nf6 5. O-O Nxe4 6. d4 b5 7. Bb3 d5 8. dxe5 Be6 9. c3 Bc5 10. Nbd2 O-O 11. Bc2 Nxf2 12. Rxf2 Bxf2+ 13. Kxf2 f6 14. exf6 Qxf6 15. Nb3 Ne5 16. Kg1 Rae8 17. Be3 Nxf3+ 18. Qxf3 Qxf3 19. gxf3 Rxf3 20. Bc5 Bh3 21. Nd4 Rf6 22. Bb3 Re5 23. Ne2 Rxe2 24. Bxd5+ Kh8 25. Rd1 h5 26. Bd4 Rg6+ 27. Kh1 Bg2+ 28. Bxg2 Rgxg2 29. Be5 Rxb2 30. Rd7 Rg5 31. Bg3 Rb1+ 32. Kg2 h4 33. Rxc7 hxg3 34. hxg3 Rb2+ 35. Kf3 Rxa2 0-1

[Event "10th LCC FIDE Open 2018"]
[Site "London"]
[Date "2018.12.13"]
[Round "5"]
[White "Englisch, Colya"]
[Black "Gullaksen, Eirik"]
[Result "0-1"]
[ECO "E62"]
[WhiteElo "2105"]
[BlackElo "2349"]
[Annotator "NA"]
[PlyCount "54"]
[EventDate "2018.12.09"]
[EventType "swiss"]
[EventCountry "ENG"]
[SourceTitle "playchess.com"]
[Source "ChessBase"]
[SourceQuality "1"]
[TimeControl "40/5400+30:1800+30"]

1. Nf3 g6 2. d4 Nf6 3. g3 Bg7 4. Bg2 O-O 5. O-O d6 6. c4 Nc6 7. Nc3 e5 8. dxe5 Nxe5 9. Nxe5 dxe5 10. Bg5 Qxd1 11. Rfxd1 h6 12. Be3 c6 13. Rac1 Be6 14. b3 Rfe8 15. Na4 Ng4 16. Bd2 Bf8 17. Bc3 Bf5 18. e4 Bc8 19. h3 Nf6 20. Kh2 Nd7 21. Rc2 b6 22. Rcd2 b5 23. Nb2 b4 24. Bxb4 Bxb4 25. Rxd7 Bxd7 26. Rxd7 Red8 27. Rd3 Ba3 0-1

[Event "10th LCC FIDE Open 2018"]
[Site "London"]
[Date "2018.12.14"]
[Round "6"]
[White "Ghukasyan, Siranush"]
[Black "Rogacewicz, Mikolaj"]
[Result "1-0"]
[ECO "B04"]
[WhiteElo "2245"]
[BlackElo "1925"]
[Annotator "NA RC"]
[PlyCount "55"]
[EventDate "2018.12.09"]
[EventType "swiss"]
[EventCountry "ENG"]
[SourceTitle "playchess.com"]
[Source "ChessBase"]
[SourceQuality "1"]
[TimeControl "40/5400+30:1800+30"]

1. e4 Nf6 2. e5 Nd5 3. d4 d6 4. Nf3 g6 5. Bc4 Nb6 6. Bb3 Bg7 7. Ng5 e6 8. f4 O-O 9. O-O Bd7 10. a4 Nc6 11. a5 Nd5 12. c4 Ndb4 13. d5 exd5 14. cxd5 Ne7 15. Nc3 dxe5 16. fxe5 Bxe5 17. Nxf7 Rxf7 18. d6 Nf5 19. Bxf7+ Kxf7 20. Qb3+ Kg7 21. Qxb4 Bc6 22. Bf4 Bd4+ 23. Kh1 Qh4 24. Rad1 Qh3 25. Rd2 g5 26. Nb5 gxf4 27. Nxd4 Ng3+ 28. Kg1 1-0

[Event "10th LCC FIDE Open 2018"]
[Site "London"]
[Date "2018.12.15"]
[Round "7"]
[White "Gilevych, Artem"]
[Black "Mihalik, Agoston"]
[Result "1-0"]
[ECO "E05"]
[WhiteElo "2409"]
[BlackElo "2220"]
[Annotator "ChessBase"]
[PlyCount "141"]
[EventDate "2018.12.09"]
[EventType "swiss"]
[EventCountry "ENG"]
[SourceTitle "playchess.com"]
[Source "ChessBase"]
[SourceQuality "1"]
[TimeControl "40/5400+30:1800+30"]

1. Nf3 d5 2. d4 Nf6 3. c4 e6 4. g3 Be7 5. Bg2 O-O 6. O-O dxc4 7. Na3 a6 8. Nxc4 b5 9. Nfe5 Ra7 10. Na5 Bd7 11. Bd2 Nd5 12. Rc1 f6 13. Nd3 Kh8 14. Qb3 Be8 15. e4 Nb6 16. Bb4 Bxb4 17. Qxb4 Qd6 18. b3 Bh5 19. e5 fxe5 20. dxe5 Qxb4 21. Nxb4 c5 22. Rxc5 N6d7 23. Rcc1 Nxe5 24. f4 Be2 25. fxe5 Bxf1 26. Rxf1 Rxf1+ 27. Kxf1 Rc7 28. Nbc6 Nxc6 29. Nxc6 Kg8 30. Ke2 Kf8 31. Be4 h5 32. Nd4 Kf7 33. Bc6 g5 34. Kd3 h4 35. g4 Kg6 36. Be4+ Kf7 37. Nf3 Rc1 38. Nxg5+ Ke7 39. Nf3 h3 40. Bb7 a5 41. a4 bxa4 42. bxa4 Rb1 43. Bc6 Rb4 44. g5 Rg4 45. Ke3 Kf7 46. Be4 Rg2 47. Kf4 Kg7 48. Bd3 Ra2 49. Bb5 Rg2 50. Bc4 Kf7 51. Bb5 Kg7 52. Ke3 Kf7 53. Kd4 Rf2 54. Ke4 Rb2 55. Ke3 Rg2 56. Be2 Rg4 57. Bd1 Ke8 58. Bc2 Rg2 59. Be4 Kf7 60. Kf4 Ra2 61. g6+ Kg7 62. Ng5 Rxh2 63. Nxe6+ Kg8 64. Ng5 Kg7 65. e6 Rf2+ 66. Kg3 Rf8 67. Kxh3 Rh8+ 68. Kg4 Kf6 69. Bf5 Ke7 70. Nh7 Rb8 71. Kg5 1-0

[Event "10th LCC FIDE Open 2018"]
[Site "London"]
[Date "2018.12.15"]
[Round "7"]
[White "Eggleston, David J"]
[Black "Georgescu, Lena"]
[Result "1/2-1/2"]
[ECO "B33"]
[WhiteElo "2397"]
[BlackElo "2162"]
[Annotator "NA"]
[PlyCount "150"]
[EventDate "2018.12.09"]
[EventType "swiss"]
[EventCountry "ENG"]
[SourceTitle "playchess.com"]
[Source "ChessBase"]
[SourceQuality "1"]
[TimeControl "40/5400+30:1800+30"]

1. e4 c5 2. Nf3 Nc6 3. d4 cxd4 4. Nxd4 Nf6 5. Nc3 e5 6. Ndb5 d6 7. Bg5 a6 8. Na3 b5 9. Nd5 Be7 10. Bxf6 Bxf6 11. c4 b4 {[%emt 0:05:35] B33: Sicilian: Pelikan and Sveshnikov Variations} 12. Nc2 O-O 13. g3 a5 (13... Bg5 14. Bg2 a5 15. O-O Ne7 16. Nce3 Bxe3 17. Nxe3 Be6 18. Rc1 Nc6 19. Nf5 {1-0 (54) Harikrishna,P (2744)-Yu,Y (2751) Huaian 2017}) 14. h4 a4 15. Bh3 Be6 16. Kf1 b3 17. Nce3 {[%emt 0:00:48] [#]} a3 $146 ({Predecessor:} 17... Nd4 18. Kg2 Qb8 19. axb3 Qxb3 20. Qxb3 Nxb3 {½-½ (67) Istratescu,A (2596)-Tregubov,P (2584) Chartres 2017}) 18. Qxb3 Nd4 19. Qc3 axb2 20. Qxb2 Qa5 21. Kg2 Rfb8 22. Nxf6+ gxf6 23. Qc1 Qa3 24. Bxe6 fxe6 25. Qxa3 Rxa3 26. Rhb1 $14 Rba8 27. Rb7 Nb3 28. Re1 Nc5 29. Re7 R8a7 30. Rxa7 Rxa7 31. Rd1 Nxe4 32. Kf3 f5 33. g4 Rxa2 34. gxf5 exf5 35. Nxf5 Nd2+ 36. Kg2 Nxc4 37. Rc1 Ra4 38. h5 d5 39. Ne7+ Kf7 40. Nxd5 Ke6 41. Nc3 Rb4 42. Ne4 Nd6 43. Ng3 h6 44. Rc6 Rc4 45. Ra6 Rf4 46. Kf1 Kd5 47. Ke2 Rb4 48. Ra8 Rf4 49. Rh8 Rf6 50. Rh7 Ke6 51. f3 Kd5 52. Ra7 Rf4 53. Ra5+ Ke6 54. Ra6 Kd5 55. Nf1 Nf5 56. Nd2 Nd4+ 57. Ke3 Nf5+ 58. Kd3 Nd6 59. Ke3 Nf5+ 60. Kf2 Nd6 61. Nf1 Nf5 62. Ne3+ Nxe3 63. Kxe3 Rh4 64. Rxh6 Rh3 65. Ke2 Rh2+ 66. Kf1 e4 67. Kg1 Rh4 68. Kf2 exf3 69. Kxf3 Ke5 70. Ra6 Kf5 71. Ra5+ Kf6 72. Kg3 Rh1 73. h6 Rxh6 74. Ra6+ Kg7 75. Rxh6 Kxh6 1/2-1/2